 Dungeon Crawl Stone Soup version 0.30-a0-140-gd1020e658a (webtiles) character file.

Game seed: 11745824591218114478

42825 Flugkiller the Grappler (level 13, 0/164 HPs)
             Began as a Troll Warper on Sept 24, 2022.
             Was a Believer of Uskayaw.
             Slain by an elephant (12 damage)
             ... on level 4 of the Lair of Beasts.
             The game lasted 00:12:55 (12894 turns).

Flugkiller the Grappler (Troll Warper)             Turns: 12894, Time: 00:12:56

Health: 0/164      AC: 36    Str: 26    XL:     13   Next: 87%
Magic:  15/15      EV:  3    Int:  9    God:    Uskayaw [**....]
Gold:   1905       SH:  0    Dex:  9    Spells: 14/14 levels left

rFire   + . .      SeeInvis .      - Unarmed
rCold   + . .      Faith    +    (no shield)
rNeg    . . .      Spirit   .    B - +9 scales of the Dragon King {rPois rF+ rC+ Will+}
rPois   +          Reflect  .    (helmet restricted)
rElec   +          Harm     .    (no cloak)
rCorr   .          Rampage  .    (gloves unavailable)
Will    +....                    (boots unavailable)
Stlth   ..........               j - amulet of faith
HPRegen 1.17/turn                R - +4 ring of protection
MPRegen 0.14/turn                I - +4 ring of protection

@: about to teleport
A: large, unfitting armour, claws 3, regeneration 1, shaggy fur 1, tough skin 1,
robust 2, electricity resistance
a: Renounce Religion, Stomp, Line Pass


You were on level 4 of the Lair of Beasts.
You worshipped Uskayaw.
Uskayaw was noncommittal.
You visited 3 branches of the dungeon, and saw 18 of its levels.
You also visited: Sewer and Ice Cave.

You collected 1905 gold pieces.

Inventory:

Missiles
 c - 7 boomerangs of dispersal (quivered)
 f - 2 throwing nets
 u - 15 boomerangs
 A - 7 javelins
 M - 6 curare-tipped darts
Armour
 B - the +9 scales of the Dragon King (worn) {rPois rF+ rC+ Will+}
   (You took it off an orc on level 7 of the Dungeon)

   rF:        It protects you from fire.
   rC:        It protects you from cold.
   rPois:     It protects you from poison.
   Will:      It increases your willpower.
 S - a +0 kite shield of cold resistance
   (You found it in an ice cave)
Jewellery
 i - a ring of see invisible
   (You found it in an ice cave)
 j - an amulet of faith (around neck)
   (You found it on level 1 of the Dungeon)
 m - a ring of willpower
   (You took it off a hobgoblin on level 2 of the Dungeon)
 p - a ring of protection from cold
   (You found it on level 8 of the Dungeon)
 s - a ring of willpower
   (You found it on level 4 of the Dungeon)
 I - a +4 ring of protection (right claw)
   (You found it on level 9 of the Dungeon)
 L - a +6 ring of strength
   (You found it on level 13 of the Dungeon)
 R - a +4 ring of protection (left claw)
   (You found it in an ice cave)
Wands
 D - a wand of paralysis (13)
   (You found it on level 9 of the Dungeon)
 E - a wand of digging (7)
   (You found it on level 9 of the Dungeon)
 K - a wand of light (4)
   (You found it on level 9 of the Dungeon)
 Q - a wand of flame (28)
   (You found it on level 13 of the Dungeon)
 V - a wand of polymorph (5)
   (You found it on level 12 of the Dungeon)
 Y - a wand of roots (2)
   (You found it on level 2 of the Lair of Beasts)
Scrolls
 e - 6 scrolls of immolation
 g - 5 scrolls of poison
 l - 2 scrolls of magic mapping
 o - a scroll of torment
 r - 3 scrolls of identify
 t - 13 scrolls of teleportation
 z - 5 scrolls of blinking
 C - a scroll of vulnerability
 F - a scroll of enchant armour
 J - a scroll of summoning
 O - 2 scrolls of fog
 W - a scroll of acquirement {unknown}
Potions
 a - a potion of attraction
 b - 4 potions of flight
 d - 3 potions of might
 h - 3 potions of haste
 k - 2 potions of cancellation
 n - a potion of resistance
 q - 7 potions of curing
 v - 2 potions of brilliance
 w - 5 potions of heal wounds
 x - 2 potions of ambrosia
 G - 2 potions of lignification
 H - 4 potions of magic
 P - 3 potions of invisibility
 T - 2 potions of berserk rage
 X - a potion of mutation
Miscellaneous
 y - a piece from Xom's chessboard (15/15)
   (You found it on level 11 of the Dungeon)
 N - a box of beasts
   (You found it on level 13 of the Dungeon)
 U - a phantom mirror
   (You found it on level 12 of the Dungeon)


   Skills:
 + Level 11.5 Fighting
 - Level 0.8 Throwing
 - Level 10.0 Armour
 - Level 1.9 Dodging
 - Level 14.0 Unarmed Combat
 - Level 1.2 Spellcasting
 - Level 2.1 Translocations
 - Level 5.0 Invocations
 - Level 6.0 Evocations


You had 14 spell levels left.
You didn't know any spells.
Your spell library contained the following spells:

 Spells                   Type           Power      Damage    Failure   Level
 Apportation              Tloc           8%         N/A       99%         1
 Sandblast                Erth           0%         2d4       100%        1
 Slow                     Hex            0%         N/A       100%        1
 Sting                    Tmut/Pois      0%         1d3       100%        1
 Blink                    Tloc           8%         N/A       100%        2
 Cigotuvi's Dreadful Rot  Necr/Pois/Air  0%         N/A       100%        2
 Passwall                 Tmut/Erth      0%         N/A       100%        2
 Poisonous Vapours        Pois/Air       0%         N/A       100%        2
 Confusing Touch          Hex            0%         N/A       100%        3
 Gell's Gravitas          Tloc           4%         N/A       100%        3
 Lesser Beckoning         Tloc           4%         N/A       100%        3
 Ozocubu's Armour         Ice            0%         N/A       100%        3
 Portal Projectile        Hex/Tloc       4%         N/A       100%        3
 Stone Arrow              Conj/Erth      0%         3d7       100%        3
 Teleport Other           Tloc           4%         N/A       100%        3
 Tukima's Dance           Hex            0%         N/A       100%        3
 Vampiric Draining        Necr           0%         2d6       100%        3
 Dispel Undead            Necr           0%         3d6       100%        4
 Hailstorm                Conj/Ice       0%         3d3       100%        4
 Ice Form                 Ice/Tmut       0%         N/A       100%        4
 Manifold Assault         Tloc           4%         N/A       100%        4
 Olgreb's Toxic Radiance  Pois           0%         N/A       100%        4
 Alistair's Intoxication  Tmut/Pois      0%         N/A       100%        5
 Blade Hands              Tmut           0%         N/A       100%        5
 Metabolic Englaciation   Hex/Ice        0%         N/A       100%        5
 Death Channel            Necr           0%         N/A       100%        6
 Simulacrum               Ice/Necr       0%         N/A       100%        6
 Ozocubu's Refrigeration  Ice            0%         4d7       100%        7


Dungeon Overview and Level Annotations

Branches:
Dungeon (13/15) Zot: 25950  Temple (1/1) D:6 Zot: 5888    Lair (4/5) D:10 Zot: 21511
 Shoals (0/4) Lair:3        Snake (0/4) Lair:2          Orc (0/2) D:9
  Sewer (visited)           IceCv (visited)
  Slime: Lair:4-5    Vaults: D:13-14

Altars:
Ashenzari
Cheibriados
Dithmenos
Elyvilon
Fedhas
Gozag
Hepliaklqana
Kikubaaqudgha
Makhleb
Nemelex Xobeh
Okawaru
Qazlal
Ru
Sif Muna
Trog
Uskayaw
Vehumet
Wu Jian
Xom
Yredelemnul
Zin
The Shining One

Shops:
D:7 =

Portals:
Abyss: Lair:3

Annotations:
D:1 2 transporters
D:7 2 runed translucent doors, wilfster70's ghost, novice GrEE
Lair:1 2 transporters, Dukayfea's ghost, journeyman SpEn
Lair:3 2 transporters, Itiwer's ghost, journeyman DjIE


Innate Abilities, Weirdness & Mutations

You are too large for most types of armour.
You have claws for hands.
Your natural rate of healing is unusually fast.
You are covered in fur. (AC +1)
You have tough skin. (AC +1)
You are very robust. (+20% HP)
You are resistant to electric shocks. (rElec)


Message History

The elephant tramples you but does no damage.
The elephant trunk-slaps you but does no damage.
The wyvern bites you but does no damage.
The blink frog hits you but does no damage.
The blink frog blinks!
The wyvern bites you but does no damage.
The blink frog blinks!
The elephant tramples you but does no damage.
The elephant trunk-slaps you but does no damage.
The elephant tramples you.
You hold your ground!
The elephant trunk-slaps you but does no damage.
The blink frog blinks!
You can no longer pass through a line of other dancers.
The wyvern bites you!
The bullfrog hits you but does no damage.
The blink frog blinks!
The elephant tramples you but does no damage.
The elephant trunk-slaps you but does no damage.
The wyvern bites you but does no damage.
The elephant tramples you but does no damage.
The elephant trunk-slaps you but does no damage.
The wyvern bites you but does no damage.
The elephant tramples you.
You hold your ground!
The elephant trunk-slaps you but does no damage.
The blink frog hits you but does no damage.
The elephant tramples you.
You hold your ground!
The elephant trunk-slaps you but does no damage.
The wyvern bites you but does no damage.
The blink frog blinks!
The elephant tramples you but does no damage.
The elephant trunk-slaps you but does no damage.
The wyvern bites you. The elephant tramples you!
You hold your ground!
The elephant trunk-slaps you but does no damage.
The wyvern bites you but does no damage.
The komodo dragon bites you but does no damage.
The blink frog blinks!
The elephant tramples you but does no damage.
The elephant trunk-slaps you but does no damage.
The elephant tramples you but does no damage.
The elephant trunk-slaps you but does no damage.
The wyvern bites you but does no damage.
The komodo dragon bites you.
The elephant tramples you but does no damage.
The elephant trunk-slaps you but does no damage.
The wyvern bites you but does no damage.
The elephant tramples you.
You hold your ground!
The elephant trunk-slaps you but does no damage.
You turn to flesh and can move again.
You scratch the komodo dragon.
The komodo dragon is lightly wounded.
The wyvern bites you but does no damage.
The komodo dragon bites you but does no damage.
The blink frog blinks!
The elephant tramples you but does no damage.
The elephant trunk-slaps you but does no damage.
You scratch the komodo dragon. You claw the komodo dragon!
The komodo dragon is moderately wounded.
The blink frog blinks!
The wyvern bites you but does no damage.
The elephant tramples you.
You hold your ground!
The elephant trunk-slaps you but does no damage.
The komodo dragon bites you!
The elephant tramples you but does no damage.
The elephant barely misses you.
You are too injured to fight recklessly!
You are too injured to fight recklessly!
You are too injured to fight recklessly!
You completely miss the komodo dragon.
The komodo dragon is moderately wounded.
The wyvern bites you but does no damage.
The elephant tramples you but does no damage.
The elephant trunk-slaps you.
The blink frog blinks!
The komodo dragon bites you!
You scratch the komodo dragon.
The komodo dragon is moderately wounded.
The wyvern bites you. The elephant tramples you.
You hold your ground!
The elephant trunk-slaps you but does no damage.
The elephant tramples you but does no damage.
The elephant trunk-slaps you but does no damage.
The wyvern bites you.
The blink frog blinks!
You completely miss the komodo dragon. You claw the komodo dragon!
The komodo dragon is heavily wounded.
The komodo dragon bites you!
* * * LOW HITPOINT WARNING * * *
The elephant tramples you!
* * * LOW HITPOINT WARNING * * *
You hold your ground!
The elephant trunk-slaps you.
* * * LOW HITPOINT WARNING * * *
The wyvern bites you.
* * * LOW HITPOINT WARNING * * *
You can now pass through a line of other dancers.
As you read the scroll of teleportation, it crumbles to dust.
You feel strangely unstable.
The elephant tramples you but does no damage.
The elephant trunk-slaps you but does no damage.
The wyvern bites you but does no damage.
The komodo dragon bites you!!
* * * LOW HITPOINT WARNING * * *
The elephant tramples you!
You die...

......................#...#.#
....................#.......#
......#.................8.#
.....#..#.....#.....#.#Yl.F.#
..............##....#.# ..#.#
...........F.........#.F...#
.................FF..##.+###
.........#.....##lF.## ...
..........#...##@8..# .#.
.........#....#YlY..# .. .#
.....<........#8F<......8.. +
....................#.......
#................8.##....
#..............#.#.# ...
#...............#... #.+
#...................#
#.................#.#


You could see 2 elephants, a komodo dragon, 3 blink frogs, a wyvern and a
bullfrog.

Vanquished Creatures
  An ice dragon (IceCv)
  A catoblepas (Lair:4)
  A centaur warrior (D:13)
  4 two-headed ogres
  3 boulder beetles
  Amaemon (Lair:1)
  Nergalle (D:11)
  Lodul (D:13)
  An ugly thing (D:12)
  A manticore (D:12)
  2 cyclopes
  2 ice statues (IceCv)
  6 elephants
  3 black mambas
  An orange demon (Lair:1)
  2 gargoyles
  6 cane toads
  7 rime drakes
  2 unseen horrors
  6 komodo dragons
  A kobold demonologist (D:10)
  2 ice devils (D:13)
  6 trolls
  A polar bear (Lair:3)
  8 blink frogs
  2 hornets
  2 slime creatures (D:12)
  3 shadows
  3 vampires
  5 wyverns
  4 fire elementals (D:13)
  36 yaks
  4 wraiths
  Grum (D:10)
  4 basilisks
  10 vampire mosquitoes
  2 steam dragons
  2 nagas (Lair:2)
  2 acid dragons (D:12)
  7 water moccasins
  4 hell hounds (D:13)
  3 sky beasts
  2 black bears
  2 ice beasts (D:7)
  4 orc warriors
  17 wolves
  10 ogres
  3 centaurs
  A phantom (D:7)
  2 kobold brigands
  6 bullfrogs
  2 gnoll sergeants (D:8)
  3 scorpions
  3 necrophages
  A wight (D:8)
  10 killer bees
  4 lindwurm simulacra (IceCv)
  10 electric eels
  8 howler monkeys
  6 komodo dragon simulacra (IceCv)
  3 hounds
  2 gnoll boudas
  4 orc priests
  2 jellies (D:7)
  5 iguanas
  11 orc wizards
  13 gnolls
  5 acid dragon simulacra (IceCv)
  17 adders
  9 river rats
  A shadow imp (D:7)
  3 white imps
  6 steam dragon simulacra (IceCv)
  3 worms (D:4)
  6 dart slugs
  50 orcs
  12 ball pythons
  2 bats
  5 endoplasms
  A giant cockroach (D:4)
  4 goblins
  5 hobgoblins
  3 jackals (D:2)
  8 quokkas
  2 frilled lizards (D:1)
  14 kobolds
  34 rats
488 creatures vanquished.

Vanquished Creatures (others)
  A rime drake (IceCv)
  An orc wizard (D:3)
  6 fungi
  22 plants (Lair:3)
30 creatures vanquished.

Grand Total: 518 creatures vanquished

Notes
Turn   | Place    | Note
-------+----------+-------------------------------------------
     0 | D:1      | Flugkiller the Troll Warper began the quest for the Orb.
     0 | D:1      | Reached XP level 1. HP: 19/19 MP: 1/1
   179 | D:1      | Reached XP level 2. HP: 27/28 MP: 2/2
   853 | D:2      | Reached skill level 3 in Unarmed Combat
   853 | D:2      | Reached XP level 3. HP: 31/36 MP: 3/3
  1257 | D:3      | Reached XP level 4. HP: 44/44 MP: 4/4
  1366 | D:3      | Found a sparkling altar of Nemelex Xobeh.
  1471 | D:4      | Reached skill level 4 in Unarmed Combat
  1471 | D:4      | Reached XP level 5. HP: 40/53 MP: 5/5
  1494 | D:4      | Found a glowing drain.
  1501 | Sewer    | Entered a sewer
  1689 | Sewer    | HP: 2/54 [adder (3)]
  1691 | Sewer    | Gained mutation: You are robust. (+10% HP) [potion of
                  | mutation]
  1691 | Sewer    | Gained mutation: You are resistant to electric shocks.
                  | (rElec) [potion of mutation]
  1691 | Sewer    | Gained mutation: You are very robust. (+20% HP) [potion of
                  | mutation]
  1900 | Sewer    | Reached XP level 6. HP: 66/74 MP: 6/6
  1909 | Sewer    | Reached skill level 5 in Unarmed Combat
  2181 | D:4      | Reached XP level 7. HP: 74/85 MP: 7/7
  2183 | D:4      | Found a blossoming altar of Fedhas.
  2186 | D:4      | Found a glowing golden altar of the Shining One.
  2425 | D:4      | Reached skill level 5 in Fighting
  2425 | D:4      | Reached skill level 6 in Unarmed Combat
  2975 | D:5      | Entered Level 5 of the Dungeon
  3063 | D:5      | Found a broken altar of Ashenzari.
  3398 | D:6      | Reached XP level 8. HP: 94/99 MP: 8/8
  3416 | D:6      | Reached skill level 7 in Unarmed Combat
  3464 | D:6      | Noticed a two-headed ogre
  3658 | D:5      | Reached skill level 8 in Unarmed Combat
  3885 | D:6      | Reached skill level 9 in Unarmed Combat
  3926 | D:6      | Found a staircase to the Ecumenical Temple.
  3995 | Temple   | Entered the Ecumenical Temple
  4086 | Temple   | Became a worshipper of Uskayaw the Reveller
  4164 | D:6      | Reached * piety under Uskayaw
  4166 | D:6      | Reached ** piety under Uskayaw
  4239 | D:6      | Reached skill level 1 in Invocations
  4260 | D:6      | Reached XP level 9. HP: 78/106 MP: 6/9
  4327 | D:7      | Found Kikleag's Jewellery Shoppe.
  4339 | D:7      | Reached *** piety under Uskayaw
  4340 | D:7      | Reached **** piety under Uskayaw
  4350 | D:7      | Reached ***** piety under Uskayaw
  4370 | D:7      | Reached ****** piety under Uskayaw
  4439 | D:7      | Reached skill level 10 in Unarmed Combat
  4601 | D:7      | Found a large runed translucent door.
  4601 | D:7      | Found a large runed translucent door.
  4614 | D:7      | Noticed wilfster70's ghost (novice GrEE)
  4854 | D:7      | Reached skill level 5 in Invocations
  5102 | D:8      | Reached skill level 1 in Armour
  5455 | D:8      | Reached XP level 10. HP: 120/120 MP: 12/12
  5595 | D:8      | Noticed a two-headed ogre
  5608 | D:8      | Killed a two-headed ogre
  5954 | D:9      | Found a radiant altar of Vehumet.
  6016 | D:9      | Found a shimmering altar of Xom.
  6017 | D:9      | Found a shimmering altar of Xom.
  6017 | D:9      | Found a shimmering altar of Xom.
  6100 | D:9      | Found a shimmering altar of Xom.
  6100 | D:9      | Found a shimmering altar of Xom.
  6102 | D:9      | Found a shimmering altar of Xom.
  6133 | D:9      | Found a staircase to the Orcish Mines.
  6497 | D:9      | Reached skill level 1 in Evocations
  6855 | D:10     | Entered Level 10 of the Dungeon
  6935 | D:10     | Found a staircase to the Lair.
  7043 | D:10     | Noticed a two-headed ogre
  7050 | D:10     | Killed a two-headed ogre
  7103 | D:10     | Reached skill level 5 in Evocations
  7131 | D:10     | Reached XP level 11. HP: 125/128 MP: 13/13
  7198 | D:10     | Noticed a sun demon
  7310 | D:10     | Noticed Grum
  7331 | D:10     | Killed Grum
  7519 | D:10     | Reached skill level 5 in Armour
  7795 | D:11     | Noticed Nergalle
  7807 | D:11     | Killed Nergalle
  7808 | D:11     | Reached skill level 11 in Unarmed Combat
  8017 | D:11     | Noticed a two-headed ogre
  8023 | D:11     | Killed a two-headed ogre
  8066 | D:11     | You fall into a shaft and drop 2 floors!
  8186 | D:13     | Found a frozen archway.
  8204 | IceCv    | Entered an ice cave
  8382 | IceCv    | Noticed an ice dragon
  8401 | IceCv    | Killed an ice dragon
  8402 | IceCv    | Reached XP level 12. HP: 92/142 MP: 10/14
  8818 | D:13     | Noticed Lodul
  8827 | D:13     | Killed Lodul
  8927 | D:13     | Noticed a centaur warrior
  8943 | D:13     | Killed a centaur warrior
  8944 | D:13     | Reached skill level 12 in Unarmed Combat
  9105 | D:13     | Noticed a two-headed ogre
  9111 | D:13     | Killed a two-headed ogre
  9435 | D:12     | Noticed a boulder beetle
  9447 | D:12     | Killed a boulder beetle
  9950 | D:12     | Noticed a boulder beetle
  9959 | D:12     | Killed a boulder beetle
 10344 | Lair:1   | Entered Level 1 of the Lair of Beasts
 10403 | Lair:1   | Noticed Dukayfea's ghost (journeyman SpEn)
 10473 | Lair:1   | Found a transporter.
 10519 | Lair:1   | Reached XP level 13. HP: 117/157 MP: 15/15
 10646 | Lair:1   | Found a transporter.
 10671 | Lair:1   | Noticed Amaemon
 10676 | Lair:1   | Reached skill level 10 in Armour
 10681 | Lair:1   | Reached skill level 13 in Unarmed Combat
 10688 | Lair:1   | Killed Amaemon
 11287 | Lair:2   | Reached skill level 10 in Fighting
 11559 | Lair:2   | Found a staircase to the Snake Pit.
 12111 | Lair:3   | Reached skill level 14 in Unarmed Combat
 12134 | Lair:3   | Found a transporter.
 12141 | Lair:3   | Found a transporter.
 12143 | Lair:3   | Identified the +6 rapier "Dragon's Bane" {freeze, +Blink
                  | rCorr}
 12148 | Lair:3   | Noticed Itiwer's ghost (journeyman DjIE)
 12469 | Lair:3   | Found a staircase to the Shoals.
 12597 | Lair:3   | Found a one-way gate to the infinite horrors of the Abyss.
 12894 | Lair:4   | Slain by an elephant

Illustrated notes

Levels and vault maps discovered:
D:1:      spicycebolla_arrival_transporter_tutorial, layout_loops_ring,
          chequers_big_river
D:2:      layout_loops_ring, nrook_loot_triangle
D:3:      layout_basic, nemelex_xobeh_ov_fountains_minmay
D:4:      layout_basic, nicolae_overflow_squiral, lightli_sewer_entry_pipes,
          chequers_hall_statues_corner_a
D:5:      layout_rooms, cheibrodos_ashenzari_chains
D:6:      layout_basic, minmay_temple_entry_junction, minmay_between
D:7:      layout_loops_ring, ebering_ghost_disaster_area, serial_shops,
          nicolae_stop_n_shop_1
D:8:      layout_basic, sword_in_stone
D:9:      layout_basic, mainiacjoe_overflow_cross_hatched, xom_redecorated,
          orc_0_dummy, minmay_misc_feat_diagonals, kennysheep_small_square
D:10:     layout_stronghold, lair_entry_dummy, minmay_misc_feat_iff,
          grunt_ogre_cave, uniq_grum
D:11:     layout_roguey, uniq_nergalle
D:12:     minmay_chambers_of_sixes, layout_stronghold, dk_noncrumbling_4
D:13:     layout_basic, portal_ice_cave_demonic_guard, minivault_5, uniq_azrael,
          uniq_lodul
Temple:   lightli_temple_of_artemis
Lair:1:   layout_long_grid, gammafunk_ghost_arena, grunt_megastairs_2,
          uniq_amaemon
Lair:2:   beast_lair_carwin_large_2, layout_regular_city,
          guppyfry_snake_entry_garden
Lair:3:   layout_gridlike, minmay_shoals_entry_centaurs,
          gammafunk_ghost_abyssal_escape, minivault_11, serial_bayou_shore_b
Lair:4:   layout_gridlike, grunt_megastairs_1

Skill      XL: |  1  2  3  4  5  6  7  8  9 10 11 12 13 |
---------------+----------------------------------------+-----
Fighting       | 2 3 4 5 6 8 9 11 | 11.5
Unarmed Combat | 3 4 5 6 9 10 11 12 14 | 14.0
Invocations    | 1 5 |  5.0
Armour         | 3 4 7 9 10 | 10.0
Evocations     | 5 6 |  6.0
Throwing       | |  0.8
Dodging        | |  1.9
Spellcasting   | |  1.2
Translocations | |  2.1

Action                   |  1- 3 |  4- 6 |  7- 9 | 10-12 | 13-15 || total
-------------------------+-------+-------+-------+-------+-------++-------
Melee: Unarmed           |    93 |   192 |   361 |   579 |   264 ||  1489
       Punch             |       |     4 |    12 |    39 |    29 ||    84
Invok: Stomp             |       |       |       |     3 |     6 ||     9
Evoke: Wand              |       |       |       |     2 |       ||     2
  Use: Potion            |       |     6 |       |       |       ||     6
       Scroll            |       |     3 |     5 |    16 |     1 ||    25
 Stab: Paralysed         |       |       |    14 |    38 |    24 ||    76
       Petrified         |       |       |       |       |     3 ||     3
       Petrifying        |       |       |       |       |     1 ||     1
Armor: Robe              |    29 |   106 |    89 |       |       ||   224
       Gold dragon scale |       |       |    72 |   546 |   447 ||  1065
Dodge: Dodged            |    28 |   139 |   142 |    80 |    61 ||   450

Table legend: (Time is in decaauts)
 A = Elapsed time spent in this place.
 B = Non-inter-level travel time spent in this place.
 C = Inter-level travel time spent in this place.
 D = Time resting spent in this place.
 E = Time spent auto-exploring this place.
 F = Levels seen in this place.
 G = Mean time per level.
                   A        B        C        D        E       F      G
               +--------+--------+--------+--------+--------+-----+--------+
         Total |  12784 |  12360 |    424 |    844 |   8581 |  20 |  639.2 |
       Dungeon |   9204 |   8893 |    311 |    534 |   6333 |  13 |  708.0 |
        Temple |    111 |     92 |     19 |      0 |     73 |   1 |  111.0 |
          Lair |   2487 |   2394 |     93 |     93 |   1817 |   4 |  621.8 |
         Sewer |    555 |    555 |      0 |    132 |    183 |   1 |  555.0 |
      Ice Cave |    425 |    425 |      0 |     85 |    173 |   1 |  425.0 |
               +--------+--------+--------+--------+--------+-----+--------+

Top non-repeatable levels by time:
     D:9: 973 daAuts
    D:10: 889 daAuts
  Lair:1: 871 daAuts
    D:12: 848 daAuts
     D:8: 802 daAuts
     D:4: 802 daAuts
    D:13: 756 daAuts
  Lair:3: 734 daAuts
  Lair:2: 706 daAuts
     D:6: 684 daAuts
     D:7: 678 daAuts
     D:1: 630 daAuts
     D:2: 601 daAuts
   Sewer: 555 daAuts
     D:5: 548 daAuts
